 Dungeon Crawl Stone Soup version 0.31-a0-868-g674d60d6f7 (webtiles) character file.

Game seed: 2686504931599172880

5 MachoJfn the Gusty (level 1, 10/10 HPs)
             Began as a Deep Elf Air Elementalist on Oct 11, 2023.
             Quit the game on level 1 of the Dungeon.
             The game lasted 00:00:45 (152 turns).

MachoJfn the Gusty (Deep Elf Air Elementalist)       Turns: 152, Time: 00:00:45

Health: 10/10      AC:  2    Str:  5    XL:     1   Next: 66%
Magic:  6/6        EV: 13    Int: 19    God:
Gold:   0          SH:  0    Dex: 15    Spells: 5/6 levels left

rFire   . . .        (no weapon)
rCold   . . .        (no shield)
rNeg    . . .        a - +0 robe
rPois   .            (no helmet)
rElec   .            (no cloak)
rCorr   .            (no gloves)
SInv    .            (no boots)
Will    .....        (no amulet)
Stlth   ++           (no ring)
HPRegen 0.21/turn    (no ring)
MPRegen 0.10/turn

%: no passive effects
@: no status effects
A: no striking features
a: no special abilities


You were on level 1 of the Dungeon.
You visited 1 branch of the dungeon, and saw 1 of its levels.

Inventory:

Armour
 a - a +0 robe (worn)
Scrolls
 d - a scroll of fog {unknown}
 e - a scroll of noise {unknown}
Potions
 b - a potion of magic
 c - a potion of heal wounds {unknown}


   Skills:
 + Level 2.7 Dodging
 + Level 2.5 Stealth
 + Level 3.0 Spellcasting
 + Level 1.1 Conjurations
 + Level 3.1 Air Magic


You had 5 spell levels left.
You knew the following spells:

 Your Spells              Type           Power      Damage    Failure   Level
a - Shock                 Conj/Air       40%        1d5       6%          1

Your spell library contained the following spells:

 Spells                   Type           Power      Damage    Failure   Level
 Static Discharge         Conj/Air       20%        2-3/arc   10%         2
 Swiftness                Air            14%        N/A       13%         3
 Airstrike                Air            7%         2d(1-17)  38%         4


Dungeon Overview and Level Annotations

Branches:
Dungeon (1/15)

Altars:


Message History

The giant cockroach attacks as it pursues you!
The giant cockroach bites you.
Your magical contamination has completely faded away.
The giant cockroach attacks as it pursues you!
The giant cockroach bites you but does no damage.
The giant cockroach misses you. The giant cockroach barely misses you.
The giant cockroach attacks as it pursues you!
The giant cockroach barely misses you.
Found a scroll labelled DUXUADITHA.
The giant cockroach attacks as it pursues you!
The giant cockroach barely misses you. The giant cockroach closely misses you.
Casting: Shock (safe; 7% risk of failure)
Confirm with . or Enter, or press ? or * to list all spells.
Aiming: Shock (safe; 7% risk of failure)
Press: ? - help, Shift-Dir - straight line, f/p - giant cockroach
Aim: a giant cockroach (severely wounded, 68% to hit)
The zap hits the giant cockroach.
You kill the giant cockroach!
The zap hits the ball python.
You kill the ball python!
e - a scroll labelled DUXUADITHA
There are no items here.
Magic restored.
Found a chain mail.
A rat comes into view.
Casting: Shock (safe; 6% risk of failure)
Confirm with . or Enter, or press ? or * to list all spells.
Aiming: Shock (safe; 6% risk of failure)
Press: ? - help, Shift-Dir - straight line, f - rat
Aim: a rat (asleep, 100% to hit)
The zap hits the rat.
You kill the rat!
Casting: Shock (safe; 6% risk of failure)
Confirm with . or Enter, or press ? or * to list all spells.
Aiming: Shock (safe; 6% risk of failure)
Press: ? - help, Shift-Dir - straight line, f - you
Okay, then.
An endoplasm comes into view.
Are you sure you want to abandon this character and quit the game? (Confirm with "yes".)

####### #.....#
#.###.# #.# #.#
####.###.# ###
#........###.####
#.##.##..##...##.
##.##.##..#.......
#@..#.[...##......
#..#####..........
#.## ######.#...
#.# #.##.. #.#
#+#### #.# ..J #.#


You could see an endoplasm (asleep).

Vanquished Creatures
  A ball python (D:1)
  A giant cockroach (D:1)
  A kobold (D:1)
  A frilled lizard (D:1)
  A rat (D:1)
5 creatures vanquished.

Notes
Turn   | Place    | Note
-------+----------+-------------------------------------------
     0 | D:1      | MachoJfn the Deep Elf Air Elementalist began the quest for
                  | the Orb.
     0 | D:1      | Reached XP level 1. HP: 10/10 MP: 6/6
   152 | D:1      | Quit the game

Illustrated notes

Levels and vault maps discovered:
D:1:      dpeg_arrival_orchard, layout_loops_corners,
          dreamdust_ecumenical_altar_drowned_temple

Action                     || total
---------------------------++-------
   Cast: Shock             ||     8
 Armour: Robe              ||     4
  Dodge: Dodged            ||     6

Table legend: (Time is in decaauts)
 A = Elapsed time spent in this place.
 B = Non-inter-level travel time spent in this place.
 C = Inter-level travel time spent in this place.
 D = Time resting spent in this place.
 E = Time spent auto-exploring this place.
 F = Levels seen in this place.
 G = Mean time per level.
                   A        B        C        D        E       F      G
               +--------+--------+--------+--------+--------+-----+--------+
         Total |    152 |    152 |      0 |      0 |    105 |   1 |  152.0 |
       Dungeon |    152 |    152 |      0 |      0 |    105 |   1 |  152.0 |
               +--------+--------+--------+--------+--------+-----+--------+

Top non-repeatable levels by time:
     D:1: 152 daAuts
